 Dungeon Crawl Stone Soup version 0.30-a0-4-ga7cffc901d (webtiles) character file.

Game seed: 16967673290047032841

116 drugrobin the Sneak (level 4, -4/38 HPs)
             Began as a Demigod Delver on Aug 21, 2022.
             Slain by an orc
             ... wielding a +0 whip
              (5 damage)
             ... on level 5 of the Dungeon.
             The game lasted 00:00:39 (243 turns).

drugrobin the Sneak (Demigod Delver)                 Turns: 243, Time: 00:00:40

Health: -4/38      AC:  3    Str: 13    XL:     4   Next: 43%
Magic:  6/6        EV: 12    Int: 15    God:
Gold:   42         SH:  0    Dex: 19    Spells: 3/3 levels left

rFire   . . .      SeeInvis +    a - +7 dagger "Dragon's Death Toll" {vorpal, +Blink Int+3 SInv Stlth+}
rCold   . . .      Faith    .    (no shield)
rNeg    . . .      Spirit   .    b - +0 leather armour
rPois   .          Reflect  .    (no helmet)
rElec   .          Harm     .    (no cloak)
rCorr   .          Rampage  .    (no gloves)
Will    .....                    (no boots)
Stlth   ++++......               (no amulet)
HPRegen 0.12/turn                (no ring)
MPRegen 0.10/turn                (no ring)

@: no status effects
A: high MP 1, forlorn, divine attributes
a: Evoke Blink


You were on level 5 of the Dungeon.
You visited 1 branch of the dungeon, and saw 2 of its levels.

You collected 42 gold pieces.

Inventory:

Hand Weapons
 a - the +7 dagger "Dragon's Death Toll" (weapon) {vorpal, +Blink Int+3 SInv Stlth+}
   (You found it on level 5 of the Dungeon)

   It inflicts extra damage upon your enemies.
   Int:       It affects your intelligence (+3).
   SInv:      It lets you see invisible.
   +Blink:    It lets you blink.
   Stlth:     It makes you more stealthy.
 h - a +0 short sword
Armour
 b - a +0 leather armour (worn)
Jewellery
 i - an amulet of reflection
Wands
 g - a wand of digging (3)
Scrolls
 c - a scroll of fog
 d - a scroll of magic mapping
 e - a scroll of fear
 j - a scroll of enchant weapon {unknown}
Potions
 f - a potion of haste


   Skills:
 - Level 3.0 Fighting
 - Level 2.2 Short Blades
 - Level 2.2 Dodging
 + Level 5.9 Stealth


You had 3 spell levels left.
You didn't know any spells.
Your spell library was empty.

Dungeon Overview and Level Annotations

Branches:
Dungeon (5/15)
 Temple: D:4-7


Innate Abilities, Weirdness & Mutations

You have an increased reservoir of magic. (+10% MP)
You shall have no god before yourself.
Your divine heritage dramatically boosts your attributes as you level up.


Message History

There is a stone staircase leading up here.
Unknown command.
Unknown command.
You barely miss the orc.
The orc hits you with a +0 dagger of electrocution.
You are electrocuted!
* * * LOW HITPOINT WARNING * * *
The orc hits you with a +0 dagger.
* * * LOW HITPOINT WARNING * * *
The orc hits you with a +0 whip.
* * * LOW HITPOINT WARNING * * *
Unknown command.
Press: ? - help, v - describe, . - travel
Here: an orc, wielding a +0 dagger of electrocution and wearing a +0 ring mail The floor.
Unknown command.
You barely miss the orc. The orc barely misses you. The orc misses you.
The orc closely misses you.
Unknown command.
Unknown command.
You hit the orc.
The orc is heavily wounded.
The orc closely misses you. The orc hits you with a +0 dagger.
* * * LOW HITPOINT WARNING * * *
The orc closely misses you.
Unknown command.
Unknown command.
Unknown command.
You closely miss the orc.
The orc is heavily wounded.
The orc barely misses you. The orc hits you with a +0 dagger.
* * * LOW HITPOINT WARNING * * *
The orc barely misses you.
Unknown command.
Unknown command.
Unknown command.
You hit the orc.
You kill the orc!
The orc hits you with a +0 whip.
You die...

..............#
.............# ......
...#.# ####..# #..#.#
###.....# #..#.#
....###.# #..#.####.#
....# #.# #..........
....# #.######..)o###.###
....# #.........@).......
#...###.######..o.#######
.[......# #.#..#
######### #.#..# ......
.....# ...... ...#.##
###### #######


You could see 2 orcs.

Vanquished Creatures
  A necrophage (D:5)
  A hound (D:5)
  An orc priest (D:5)
  An orc (D:5)
4 creatures vanquished.

Notes
Turn   | Place    | Note
-------+----------+-------------------------------------------
     0 | D:5      | drugrobin the Demigod Delver began the quest for the Orb.
     0 | D:5      | Reached XP level 1. HP: 18/18 MP: 3/3
     4 | D:5      | Identified the +7 dagger "Dragon's Death Toll" {vorpal,
                  | +Blink Int+3 SInv Stlth+}
    54 | D:5      | Noticed a hound
    59 | D:5      | Killed a hound
    60 | D:5      | Reached XP level 2. HP: 26/26 MP: 4/4
    77 | D:5      | Noticed a necrophage
    86 | D:5      | Killed a necrophage
    87 | D:5      | Reached skill level 5 in Stealth
    87 | D:5      | Reached XP level 3. HP: 18/31 MP: 5/5
    87 | D:5      | Reached XP level 4. HP: 23/38 MP: 6/6
   242 | D:5      | HP: 1/38 [orc/+0 dagger (2)]
   243 | D:5      | Slain by an orc

Illustrated notes

Levels and vault maps discovered:
D:4:      layout_gridville
D:5:      layout_basic

Skill      XL: |  1  2 |
---------------+-------+-----
Fighting       | 3 |  3.0
Short Blades   | 2 |  2.2
Dodging        | 2 |  2.2
Stealth        | 5 |  5.9

Action                   |  1- 3 |  4- 6 || total
-------------------------+-------+-------++-------
Melee: Dagger            |     9 |     7 ||    16
Armor: Leather armour    |     2 |       ||     2
Dodge: Dodged            |     4 |    10 ||    14

Table legend: (Time is in decaauts)
 A = Elapsed time spent in this place.
 B = Non-inter-level travel time spent in this place.
 C = Inter-level travel time spent in this place.
 D = Time resting spent in this place.
 E = Time spent auto-exploring this place.
 F = Levels seen in this place.
 G = Mean time per level.
                   A        B        C        D        E       F      G
               +--------+--------+--------+--------+--------+-----+--------+
         Total |    241 |    238 |      3 |      0 |    192 |   2 |  120.5 |
       Dungeon |    241 |    238 |      3 |      0 |    192 |   2 |  120.5 |
               +--------+--------+--------+--------+--------+-----+--------+

Top non-repeatable levels by time:
     D:5: 236 daAuts
     D:4: 4 daAuts
